 Dungeon Crawl Stone Soup version 0.30.0-19-g36f170ea60 (webtiles) character file.

Game seed: 14727677178834321921

191 Graphine the Ducker (level 5, -2/43 HPs)
             Began as a Merfolk Monk on May 28, 2023.
             Was a Plaything of Xom.
             Splashed by a jelly's acid (8 damage)
             ... on level 4 of the Dungeon.
             The game lasted 00:05:54 (1825 turns).

Graphine the Ducker (Merfolk Monk)                  Turns: 1825, Time: 00:05:54

Health: -2/43      AC: -2    Str: 11    XL:     5   Next: 70%
Magic:  5/5        EV: 21    Int:  8    God:    Xom [...*..]
Gold:   133        SH:  0    Dex: 28    Spells: 4/4 levels left

rFire   . . .        a - +0 falchion
rCold   . . .        d - orb {light}
rNeg    . . .        g - +4 ring mail
rPois   .            (no helmet)
rElec   .            (no cloak)
rCorr   .            h - +0 pair of gloves
SInv    .            (no boots)
Will    .....        (no amulet)
Stlth   +            i - +5 ring of evasion
HPRegen 0.27/turn    k - +6 ring of dexterity
MPRegen 0.09/turn

%: no passive effects
@: corroded, glowing, studying Dodging
A: (nimble swimmer 2), mertail, agile 1
a: Renounce Religion


You were on level 4 of the Dungeon.
You worshipped Xom.
You were a favourite toy of Xom.
You visited 1 branch of the dungeon, and saw 4 of its levels.

You collected 133 gold pieces.

Inventory:

Hand Weapons
 a - a +0 falchion (weapon)
Missiles
 n - 4 boomerangs (quivered)
Armour
 d - an orb of light (worn)
 g - a +4 ring mail (worn)
 h - a +0 pair of gloves (worn)
Jewellery
 b - a ring of protection from cold
 i - a +5 ring of evasion (left hand)
 k - a +6 ring of dexterity (right hand)
Wands
 m - a wand of paralysis (14)
Scrolls
 l - 2 scrolls of magic mapping
 o - a scroll of teleportation
Potions
 c - a potion of ambrosia
 e - a potion of haste
 f - 2 potions of curing {unknown}
 j - 3 potions of mutation {unknown}
 p - 2 potions of heal wounds {unknown}
 q - a potion of degeneration {unknown}


   Skills:
 + Level 4.7 Fighting
 + Level 5.2 Long Blades
 + Level 6.7 Dodging


You had 4 spell levels left.
You didn't know any spells.
Your spell library contained the following spells:

 Spells                   Type           Power      Damage    Failure   Level
 Sandblast                Erth           0%         2d4       71%         1
 Passwall                 Tmut/Erth      0%         N/A       85%         2
 Stone Arrow              Conj/Erth      0%         3d7       97%         3


Dungeon Overview and Level Annotations

Branches:
Dungeon (4/15)
 Temple: D:4-7

Altars:
Cheibriados
Ru
Xom

Shops:
D:2 [   D:3 !:(=


Innate Abilities, Weirdness & Mutations

((You are very nimble when in or above water. (Stealth+, EV+, Speed+++)))
Your lower body shifts to a powerful aquatic tail in water.
You are agile. (Dex +4, Str/Int -1)


Message History

Hit: a) +0 falchion
Press: ? - help, Dir - move target, f - jelly
Aim: a jelly (moderately wounded, haloed, about 3% to evade your +0 falchion)
You hit the jelly. The acid corrodes you!
Your hands burn!
The jelly is heavily wounded.
The jelly closely misses you.
Unknown command.
Hit: a) +0 falchion
Press: ? - help, Dir - move target, f/p - jelly
Aim: a jelly (heavily wounded, haloed, about 3% to evade your +0 falchion)
You hit the jelly but do no damage.
Your hands burn!
The jelly is heavily wounded.
The jelly barely misses you.
Unknown command.
Hit: a) +0 falchion
Press: ? - help, Dir - move target, f/p - jelly
Aim: a jelly (heavily wounded, haloed, about 3% to evade your +0 falchion)
You hit the jelly but do no damage.
Your hands burn!
The jelly is heavily wounded.
The jelly misses you.
Unknown command.
Hit: a) +0 falchion
Press: ? - help, Dir - move target, f/p - jelly
Aim: a jelly (heavily wounded, haloed, about 3% to evade your +0 falchion)
You hit the jelly but do no damage.
Your hands burn!
* * * LOW HITPOINT WARNING * * *
The jelly is heavily wounded.
The jelly barely misses you.
Okay, then.
Hit: a) +0 falchion
Press: ? - help, Dir - move target, f/p - jelly
Aim: a jelly (heavily wounded, haloed, about 3% to evade your +0 falchion)
You hit the jelly but do no damage.
Your hands burn!
* * * LOW HITPOINT WARNING * * *
The jelly is heavily wounded.
The jelly hits you.
* * * LOW HITPOINT WARNING * * *
You are splashed with acid!
You die...
Xom howls with laughter!

...... .# # ....
#.# .###
...####.##....
#.##....#.....
#.##..>....#..
#####.............
..##..............#
.............@.#
..#.....###.##J# ..
#.###.#
#.##........ ##.#
#.# #.#
#.#..#..#### #..#
#.###.###.#.##..#
#..###.........#.
.#
.........#####.#.
.. #.####.#.# #.#.
## #.# #.#.# ..


You could see a jelly.

Vanquished Creatures
  An ogre (D:3)
  An iguana (D:4)
  3 adders
  A dart slug (D:4)
  7 orcs
  5 ball pythons
  2 endoplasms
  2 giant cockroaches (D:1)
  3 hobgoblins
  4 quokkas (D:1)
  9 bats
  A frilled lizard (D:2)
  2 kobolds
  6 rats
47 creatures vanquished.

Notes
Turn   | Place    | Note
-------+----------+-------------------------------------------
     0 | D:1      | Graphine the Merfolk Monk began the quest for the Orb.
     0 | D:1      | Reached XP level 1. HP: 18/18 MP: 1/1
   145 | D:1      | Reached XP level 2. HP: 24/24 MP: 2/2
   306 | D:1      | Found a faded altar of an unknown god.
   316 | D:1      | Prayed at the altar of an unknown god.
   316 | D:1      | Became a worshipper of Xom the Chaotic
   759 | D:1      | Identified a scroll of acquirement
   759 | D:1      | Acquired a manual of Dodging
   913 | D:2      | Reached XP level 3. HP: 30/30 MP: 3/3
   931 | D:2      | XOM: cloud trail
  1092 | D:2      | Reached skill level 5 in Dodging
  1134 | D:2      | Found Apeoz's Armour Boutique.
  1269 | D:3      | Found Vasip's Distillery.
  1270 | D:3      | Noticed an ogre
  1271 | D:3      | XOM: cast spell 'Summon Cactus Giant'
  1280 | D:3      | Killed an ogre
  1281 | D:3      | Reached skill level 6 in Dodging
  1281 | D:3      | Reached XP level 4. HP: 38/38 MP: 4/4
  1281 | D:3      | Reached XP level 5. HP: 43/43 MP: 5/5
  1315 | D:3      | Found Deuhof's Book Emporium.
  1318 | D:3      | Found Qofynil's Weapon Emporium.
  1330 | D:3      | Found Ameet's Jewellery Emporium.
  1422 | D:3      | XOM: give mutation
  1422 | D:3      | Gained mutation: You are agile. (Dex +4, Str/Int -1) [Xom's
                  | mischief]
  1464 | D:3      | Reached skill level 5 in Long Blades
  1568 | D:3      | Found a faded altar of an unknown god.
  1573 | D:3      | Found a snail-covered altar of Cheibriados.
  1737 | D:4      | Found a sacrificial altar of Ru.
  1825 | D:4      | Splashed by a jelly's acid

Illustrated notes

Levels and vault maps discovered:
D:1:      ebering_trefoil_twist, layout_basic,
          shapermc_ecumenical_altar_starsandcircs, minmay_splitting_lines
D:2:      layout_basic, serial_shops, nicolae_shop_tiny_statue_garden
D:3:      layout_rooms, nicolae_overflow_ecumenical_swirl, serial_shops,
          nicolae_shop_statue_plus, shop, nicolae_shop_stone, shop
D:4:      layout_loops_ring, mainiacjoe_overflow_cross_hatched,
          minmay_temple_entry_wispy

Skill      XL: |  1  2  3  4  5 |
---------------+----------------+-----
Long Blades    | 4 5 |  5.2
Dodging        | 6 |  6.7
Fighting       | 4 |  4.7

Action                     |  1- 3 |  4- 6 || total
---------------------------+-------+-------++-------
  Melee: Falchion          |    85 |    59 ||   144
    Use: Scroll            |     8 |       ||     8
 Armour: Robe              |     7 |       ||     7
         Ring mail         |    20 |     7 ||    27
  Dodge: Dodged            |    66 |    44 ||   110
